 Dungeon Crawl Stone Soup version 0.24-a0-479-g9a978d2894 (webtiles) character file.

Game seed: 4138548566580060855

1043 gruber the Magician (level 8, 0/46 HPs)
             Began as an Octopode Conjurer on July 8, 2019.
             Slain by a wight
             ... wielding a cursed +3 mace
              (8 damage)
             ... on level 6 of the Dungeon.
             The game lasted 00:10:11 (5651 turns).

gruber the Magician (Octopode Conjurer)             Turns: 5651, Time: 00:10:12

Health: 0/46       AC:  1    Str:  7    XL:     8   Next: 25%
Magic:  16/18      EV: 13    Int: 20    God:
Gold:   358        SH:  0    Dex: 12    Spells: 15/21 levels left

rFire    . . .     SeeInvis .   m - +2 long sword (slice)
rCold    . . .     Gourm    +   (no shield)
rNeg     . . .     Faith    .   (helmet restricted)
rPois    .         Spirit   .   t - amulet of the gourmand
rElec    .         Reflect  .   q - ring of teleportation (curse)
rCorr    .         Harm     .   (no ring)
MR       .....     Rnd*Tele +   (no ring)
Stlth    +++.......             (no ring)
HPRegen  0.15/turn              (no ring)
MPRegen  0.16/turn              (no ring)
                                (no ring)
                                (no ring)

@: no status effects
A: almost no armour, stealthy swim, amphibious, 8 rings, constrict 8, camouflage
1, gelatinous body 1
a: no special abilities


You were on level 6 of the Dungeon.
You were not hungry.

You visited 2 branches of the dungeon, and saw 7 of its levels.

You collected 358 gold pieces.

Inventory:

Hand Weapons
 m - a +2 long sword of slicing (weapon)
Missiles
 n - a throwing net (quivered)
Jewellery
 o - an uncursed amulet of guardian spirit
 q - a cursed ring of teleportation (left tentacle)
 t - an amulet of the gourmand (around mantle)
Scrolls
 c - a scroll of fog
 f - 4 scrolls of enchant weapon
 k - a scroll of fear
 l - 2 scrolls of magic mapping
Potions
 d - 2 potions of heal wounds
 g - 3 potions of lignification
 i - 4 potions of curing
 j - 2 potions of brilliance {unknown}
 u - a potion of magic {unknown}
Comestibles
 b - 8 rations


   Skills:
 - Level 2.0 Dodging
 - Level 2.6 Stealth
 * Level 7.1 Spellcasting
 + Level 6.9 Conjurations


You had 15 spell levels left.
You knew the following spells:

 Your Spells              Type           Power        Failure   Level  Hunger
a - Magic Dart            Conj           ####         1%          1    None
b - Searing Ray           Conj           ####..       1%          2    None
c - Dazzling Spray        Conj/Hex       ###...       7%          3    #......

Your spell library contained the following spells:

 Spells                   Type           Power        Failure   Level  Hunger
 Iskenderun's Mystic Bla  Conj           ####....     5%          4    ###....
 Force Lance              Conj/Tloc      ###.....     22%         4    ###....
 Fulminant Prism          Conj/Hex       ###.......   22%         4    ###....


Dungeon Overview and Level Annotations

Branches:
Dungeon (6/15)             Temple (1/1) D:5

Altars:
Ashenzari
Cheibriados
Dithmenos
Fedhas
Gozag
Kikubaaqudgha
Nemelex Xobeh
Okawaru
Qazlal
Ru
Trog
Uskayaw
Vehumet
Wu Jian
Xom
Yredelemnul
Zin
The Shining One

Annotations:
D:4 2 transporters, mhoghedin's ghost, amateur OpFi


Innate Abilities, Weirdness & Mutations

You cannot wear most types of armour.
You are very stealthy in the water. (Stealth+)
You are amphibious.
You can wear up to eight rings at the same time.
You can use your tentacles to constrict eight enemies at once.
Your skin changes colour to match your surroundings (Stealth+).
Your rubbery body absorbs attacks. (AC +1, EV +1)


Message History

A wight comes into view. It is wielding a +0 mace.
A wight comes into view. It is wielding a +3 dagger.
The sky beast flickers out of sight!
Deactivating autopickup; reactivate with Ctrl-A.
A wight comes into view. It is wielding a +4 trident.
Found a scroll labeled EGHUTS KOAPHEQ.
A wight and a zombie come into view.
A wight comes into view. It is wielding a +0 halberd.
The gnoll barely misses you.
You riposte.
The ogre shouts!
You hit the gnoll but do no damage. You grab the gnoll.
You release your grip on the gnoll.
A wight comes into view. It is wielding a +4 dagger.
A shadow imp and a wight come into view.
The ogre misses you. The hound zombie closely misses you.
The hound zombie bites you.
* * * LOW HITPOINT WARNING * * *
The ogre misses you.
The wight hits you with a cursed +3 mace!
You die...

.#. #... .. ...
... #. ..#.... ...
#.. 5.#.... ....
..# ....... .
....##?###.......
. ......#.@zzz.z..
.
.##..z..zZO......
(
..z.......g.......
.
....#..g$g.##.....
.
z..##.o.lo###.....
.
....#....o........
.
..................
.
.#.?....[...#.....
. .......≈)..###..
.


You could see an orc warrior, an ogre, an iguana, 6 wights, an orc wizard, 3
gnolls, a shadow imp, an orc and a hound zombie.

Vanquished Creatures
  Menkaure (D:5)
  A sky beast (D:6)
  2 ogres
  A centaur (D:6)
  A scorpion (D:5)
  A crimson imp (D:6)
  2 orc priests
  2 hounds
  3 orc wizards
  A bullfrog skeleton (D:4)
  3 worker ants
  A hound zombie (D:5)
  Robin (D:2)
  3 gnolls (D:3)
  3 adders
  An adder skeleton (D:4)
  2 worms
  A dart slug (D:1)
  8 orcs
  7 giant cockroaches
  17 goblins
  12 hobgoblins
  16 jackals
  5 kobolds
  A quokka (D:5)
  2 ball pythons (D:1)
  4 bats
  4 frilled lizards (D:1)
  A jackal zombie (D:5)
  7 rats
114 creatures vanquished.

Notes
Turn   | Place    | Note
-------+----------+-------------------------------------------
     0 | D:1      | gruber the Octopode Conjurer began the quest for the Orb.
     0 | D:1      | Reached XP level 1. HP: 11/11 MP: 3/3
   215 | D:1      | Reached XP level 2. HP: 17/17 MP: 0/5
  1051 | D:1      | Reached XP level 3. HP: 21/21 MP: 1/6
  1382 | D:1      | Learned a level 2 spell: Searing Ray
  1386 | D:1      | Learned a level 3 spell: Dazzling Spray
  2055 | D:2      | Reached skill level 5 in Conjurations
  2123 | D:2      | Noticed Robin
  2144 | D:2      | Killed Robin
  2144 | D:2      | Reached XP level 4. HP: 27/27 MP: 2/8
  2564 | D:3      | Reached skill level 3 in Spellcasting
  2947 | D:3      | Found a radiant altar of Vehumet.
  2957 | D:3      | Reached XP level 5. HP: 31/31 MP: 3/10
  3444 | D:3      | Reached skill level 4 in Spellcasting
  3823 | D:4      | Noticed an ogre
  3832 | D:4      | Killed an ogre
  3832 | D:4      | Reached XP level 6. HP: 36/36 MP: 4/12
  3924 | D:4      | Found a shattered altar of Ashenzari.
  4041 | D:4      | Reached skill level 5 in Spellcasting
  4130 | D:4      | Found a transporter.
  4131 | D:4      | Noticed mhoghedin's ghost (amateur OpFi)
  4166 | D:4      | Noticed a phantom
  4167 | D:4      | Found a transporter.
  4299 | D:4      | Found an iron altar of Okawaru.
  4383 | D:5      | Entered Level 5 of the Dungeon
  4390 | D:4      | Reached XP level 7. HP: 33/41 MP: 7/14
  4463 | D:5      | Found a staircase to the Ecumenical Temple.
  4479 | Temple   | Entered the Ecumenical Temple
  5141 | D:5      | Noticed Menkaure
  5147 | D:5      | Killed Menkaure
  5147 | D:5      | Reached skill level 6 in Spellcasting
  5554 | D:6      | Reached XP level 8. HP: 22/46 MP: 12/18
  5642 | D:6      | Reached skill level 7 in Spellcasting
  5651 | D:6      | Slain by a wight

Levels and vault maps discovered:
D:1:      matt_arrival_diagonals, layout_basic
D:2:      layout_basic, uniq_robin
D:3:      layout_loops_ring, fiery_altar_vehumet, first_ration
D:4:      layout_basic, lemuel_crystal_altar, gammafunk_ghost_mausoleum,
          okawaru_gym_becter
D:5:      layout_basic, minmay_temple_entry_waves,
          hangedman_abyss_or_decor_jellyfish_corner,
          hangedman_abyss_or_decor_passed, uniq_menkaure
D:6:      layout_cave_pools, nicolae_overflow_hidden_temple,
          kennysheep_little_box
Temple:   nicolae_temple_elliptical

Skill      XL: |  1  2  3  4  5  6  7  8 |
---------------+-------------------------+-----
Conjurations   | 5 6 |  6.9
Spellcasting   | 3 4 5 6 7 |  7.1
Dodging        | |  2.0
Stealth        | |  2.6

Action                   |  1- 3 |  4- 6 |  7- 9 || total
-------------------------+-------+-------+-------++-------
Melee: Unarmed           |    34 |     8 |       ||    42
       Constrict         |     6 |     5 |     8 ||    19
       Tentacles         |     2 |     2 |     4 ||     8
       Long sword        |       |     6 |    15 ||    21
 Cast: Magic Dart        |    86 |    37 |    23 ||   146
       Searing Ray       |     1 |    17 |    11 ||    29
  Use: Scroll            |       |       |    14 ||    14
 Stab: Sleeping          |       |       |     3 ||     3
  Eat: Chunk             |     4 |     7 |     2 ||    13
       Ration            |       |       |     1 ||     1
Armor: Skin              |     7 |     1 |     3 ||    11
Dodge: Dodged            |    38 |    28 |    28 ||    94
       Rpst.: Long sword |       |     3 |    10 ||    13

Table legend:
 A = Non-vault XP
 B = Vault XP
 C = Vault XP percentage of total XP
 D = Non-vault monster count
 E = Vault monster count
 F = Vault count percentage of total count
                 A         B        C        D         E       F
            +---------+---------+-------+---------+---------+-------
      Total |    1283 |     207 |  13.9 |     100 |      14 |  12.3
            +---------+---------+-------+---------+---------+-------
        D:1 |      54 |       0 |   0.0 |      33 |       0 |   0.0
        D:2 |      22 |      38 |  63.3 |      11 |      13 |  54.2
        D:3 |     200 |       0 |   0.0 |      22 |       0 |   0.0
        D:4 |     334 |       0 |   0.0 |      16 |       0 |   0.0
        D:5 |     228 |     169 |  42.6 |      13 |       1 |   7.1
        D:6 |     445 |       0 |   0.0 |       5 |       0 |   0.0
            +---------+---------+-------+---------+---------+-------
